 Dungeon Sprint DCSS version 0.27-a0-1193-g8631133539 (webtiles) character file.

Game seed: 5872959476976345299

3476 Zeld the Warrior (level 9, -1/150 HPs)
             Began as a Minotaur Berserker on May 27, 2021.
             Was an Elder of Trog.
             Succumbed to a death drake's dark miasma
             ... in the Dungeon (Sprint II: "The Violet Keep of Menkaure").
             The game lasted 00:04:37 (3709 turns).

Zeld the Warrior (Minotaur Berserker)               Turns: 3709, Time: 00:04:38

Health: -1/150     AC:  2    Str: 23 (24) XL:     9   Next: 79%
Magic:  8/8        EV: 16    Int:  4      God:    Trog [****..]
Gold:   80         SH:  0    Dex:  9      Spells: 8/8 levels left

rFire    . . .     SeeInvis .   a - +5 war axe (flame)
rCold    . . .     Faith    .   (no shield)
rNeg     . . .     Spirit   .   b - +0 animal skin
rPois    .         Reflect  .   (helmet restricted)
rElec    .         Harm     .   (no cloak)
rCorr    .         Rampage  .   (no gloves)
Will     .....     NoTele   +   (no boots)
Stlth    ..........             (no amulet)
HPRegen  0.35/turn              (no ring)
MPRegen  0.11/turn              (no ring)

@: mighty, berserking (expiring), lethally poisoned (-1 -> -26), slowed
A: horns 2, retaliatory headbutt, deterioration 1, weak 1
a: Renounce Religion, Berserk, Trog's Hand, Brothers in Arms


You were in the Dungeon.
You worshipped Trog.
Trog was greatly pleased with you.
You visited 1 branch You collected 972 gold pieces.
You spent 892 gold pieces at shops.

Inventory:

Hand Weapons
 a - a +5 war axe of flaming (weapon)
Armour
 b - a +0 animal skin (worn)
Scrolls
 h - a scroll of blinking
 k - a scroll of fear
 l - 2 scrolls of enchant armour
 o - a scroll of summoning {unknown}
Potions
 c - 4 potions of curing
 e - a potion of haste
 f - 2 potions of magic
 g - a potion of berserk rage
 i - a potion of ambrosia
 j - 2 potions of might
 m - a potion of flight


   Skills:
 * Level 15.7 Fighting
 + Level 14.5 Axes
 - Level 2.4 Armour
 * Level 14.4 Dodging


You had 8 spell levels left.
You didn't know any spells.
Your spell library was empty.

Dungeon Overview and Level Annotations

Branches:
Dungeon (1/1)

Altars:
Cheibriados
Dithmenos
Elyvilon
Fedhas
Gozag
Hepliaklqana
Kikubaaqudgha
Makhleb
Nemelex Xobeh
Okawaru
Qazlal
Ru
Sif Muna
Trog
Uskayaw
Vehumet
Wu Jian
Xom
Yredelemnul
Zin
The Shining One
Jiyva
Lugonu

Shops:
D !=:?[(=[(:!(=[?

Annotations:
D exclusion: oklob plant


Innate Abilities, Weirdness & Mutations

You have a pair of horns on your head.
You reflexively headbutt those who attack you in melee.
Your body sometimes deteriorates upon taking damage.
You are weak. (Str -2)


Message History

The swamp drake is engulfed in dark miasma.
The swamp drake is poisoned.
The swamp drake bites you! The death drake barely misses you.
You completely miss the swamp drake. Your headbutt misses the swamp drake.
The swamp drake is heavily wounded.
You slice the death drake!! You burn the death drake.
You are engulfed in dark miasma.
You are more poisoned.
You feel as though you will be slow longer.
You feel extremely sick. The death drake breathes miasma at you.
The foul vapour misses you.
You barely miss the death drake.
The death drake is severely wounded.
You slash the swamp drake! You burn the swamp drake.
You kill the swamp drake!
Trog accepts your kill.
You feel extremely sick. The death drake barely misses you.
Your unstable footing causes you to fumble your attack.
You feel extremely sick.
The crystal guardian fires a crystalline bolt at you.
The crystal bolt freezes you!!
* * * LOW HITPOINT WARNING * * *
The crystal bolt misses you. The death drake breathes miasma at you.
The foul vapour misses you.
You are too injured to fight recklessly!
You are too injured to fight recklessly!
You are too injured to fight recklessly!
The door flies open with a bang!
You are engulfed in freezing vapours.
* * * LOW HITPOINT WARNING * * *
x2 You feel extremely sick.
You hear an angry growl. x2
The death drake barely misses you.
A polar bear comes into view.
You feel a strong urge to attack something.
A polar bear and a hornet come into view.
You die...

.#.##.#### +.##.
###.#....# ...#
.#.####÷.## #^.# #
#'###.##..# +..# y#
#.##..##..# #.8# h# ?
.<.'.##'..####°.##h# !$[
#.##.#.#.§..###°°°##▓▓▓▓
#'###.##.§§...k°°°≈≈≈≈≈≈
.#.####≈≈§...°°#@#######
.#..#≈≈≈≈≈≈≈..°#..._._._
.#.##≈≈≈≈≈§§§.≈#_._._._.
#'##≈≈≈≈§§≈≈≈≈≈#._._._._
≈≈≈≈≈≈≈≈§≈≈§≈≈≈#_._._._.
+#+++#≈≈≈§§≈≈≈≈#._._._..
§§§§ ##≈≈§###≈≈#_._._...
§§≈§≈≈ #§§#._._....
≈8§§§≈§+


You could see a death drake (catching breath), a crystal guardian, 2 polar bears
and a hornet (wandering).

Vanquished Creatures
  2 boulder beetles (D)
  A death drake (D)
  A merfolk siren (D)
  A blink frog (D)
  2 wyverns (D)
  4 neqoxecs (D)
  A water moccasin (D)
  2 swamp drakes (D)
14 creatures vanquished.

Vanquished Creatures (others)
  Menkaure (D)
  A water moccasin (D)
2 creatures vanquished.

Grand Total: 16 creatures vanquished

Notes
Turn   | Place    | Note
-------+----------+-------------------------------------------
     0 | D        | Zeld the Minotaur Berserker began the quest for the Orb.
     0 | D        | Reached XP level 1. HP: 19/19 MP: 0/0
     1 | D        | Noticed a wyvern
     1 | D        | Noticed a wyvern
     5 | D        | Killed a wyvern
     6 | D        | Reached XP level 2. HP: 26/26 MP: 1/1
     6 | D        | Reached XP level 3. HP: 31/31 MP: 2/2
     6 | D        | Reached XP level 4. HP: 39/39 MP: 3/3
     6 | D        | Reached XP level 5. HP: 45/45 MP: 4/4
     7 | D        | Killed a wyvern
     8 | D        | Reached skill level 5 in Fighting
     8 | D        | Reached XP level 6. HP: 56/56 MP: 5/5
    98 | D        | Killed Menkaure
   127 | D        | Killed a water moccasin
   261 | D        | Noticed a merfolk siren
   272 | D        | Killed a merfolk siren
   272 | D        | Reached ** piety under Trog
   273 | D        | Reached skill level 9 in Fighting
   273 | D        | Reached XP level 7. HP: 69/70 MP: 6/6
   753 | D        | Noticed a neqoxec
   753 | D        | Noticed a neqoxec
   753 | D        | Noticed a neqoxec
   753 | D        | Noticed a neqoxec
   759 | D        | Gained mutation: You are weak. (Str -2) [a neqoxec]
   763 | D        | Killed a neqoxec
   764 | D        | Reached skill level 10 in Fighting
   764 | D        | Gained mutation: Your body sometimes deteriorates upon
                  | taking damage. [a neqoxec]
   769 | D        | Killed a neqoxec
   772 | D        | Killed a neqoxec
   772 | D        | Reached *** piety under Trog
   772 | D        | Killed a neqoxec
   773 | D        | Reached skill level 11 in Fighting
   773 | D        | Reached skill level 10 in Dodging
   773 | D        | Reached XP level 8. HP: 63/83 MP: 7/7
  1130 | D        | Noticed a boulder beetle
  1130 | D        | Noticed a boulder beetle
  1996 | D        | Killed a boulder beetle
  1997 | D        | Reached skill level 13 in Fighting
  2139 | D        | Killed a boulder beetle
  2140 | D        | Reached skill level 14 in Fighting
  2140 | D        | Reached XP level 9. HP: 54/96 MP: 8/8
  2323 | D        | Noticed an orange crystal statue
  2328 | D        | Found Kefeupt's Distillery.
  2329 | D        | Found Weojauf's Book Emporium.
  2329 | D        | Found Girghomikh's Weapon Shoppe.
  2330 | D        | Found Igiteluf's Antique Armour Shoppe.
  2330 | D        | Found Gabberam's Magic Scroll Emporium.
  2331 | D        | Found Coxuret Ynacs's Jewellery Shoppe.
  2331 | D        | Found Atarph's Jewellery Emporium.
  2331 | D        | Found Pups's Antique Weapon Emporium.
  2331 | D        | Found Daotzas's Antique Weapon Shoppe.
  2332 | D        | Found Adamofu's Antique Armour Shoppe.
  2334 | D        | Found Buedit's Antique Armour Emporium.
  2334 | D        | Found Suarub's Magic Scroll Shoppe.
  2334 | D        | Noticed an oklob plant
  2335 | D        | Found Vurenue's Jewellery Shoppe.
  2335 | D        | Found Zuanun's Book Shoppe.
  2335 | D        | Found Wituetid's Distillery.
  2340 | D        | Noticed a fire dragon
  2345 | D        | Bought a potion of ambrosia for 96 gold pieces
  2345 | D        | Bought 2 potions of might for 96 gold pieces
  2349 | D        | Bought a scroll of fear for 49 gold pieces
  2349 | D        | Bought a scroll of enchant armour for 105 gold pieces
  2349 | D        | Bought a scroll of fog for 28 gold pieces
  2351 | D        | Bought a runed war axe for 143 gold pieces
  2369 | D        | Bought a potion of curing for 30 gold pieces
  2369 | D        | Bought a potion of flight for 30 gold pieces
  2369 | D        | Bought a potion of curing for 30 gold pieces
  2369 | D        | Bought a potion of might for 40 gold pieces
  2369 | D        | Bought a potion of curing for 30 gold pieces
  2369 | D        | Bought a potion of curing for 30 gold pieces
  2369 | D        | Bought a potion of invisibility for 80 gold pieces
  2371 | D        | Bought a scroll of enchant armour for 105 gold pieces
  2371 | D        | Noticed a death yak
  2458 | D        | Reached **** piety under Trog
  2459 | D        | Reached skill level 15 in Fighting
  2520 | D        | Noticed an ice statue
  3445 | D        | Found a glowing golden altar of the Shining One.
  3445 | D        | Found an ornate altar of the Wu Jian Council.
  3446 | D        | Found a shimmering altar of Xom.
  3446 | D        | Found a sacrificial altar of Ru.
  3447 | D        | Found a basalt altar of Yredelemnul.
  3447 | D        | Found a shimmering blue altar of Sif Muna.
  3448 | D        | Found a glowing silver altar of Zin.
  3448 | D        | Found a bloodstained altar of Trog.
  3448 | D        | Found an ancient bone altar of Kikubaaqudgha.
  3448 | D        | Found a stormy altar of Qazlal.
  3448 | D        | Found a viscous altar of Jiyva.
  3449 | D        | Found a hide-covered altar of Uskayaw.
  3449 | D        | Found a corrupted altar of Lugonu.
  3449 | D        | Found a shadowy altar of Dithmenos.
  3450 | D        | Found a radiant altar of Vehumet.
  3450 | D        | Found a burning altar of Makhleb.
  3450 | D        | Found a white marble altar of Elyvilon.
  3451 | D        | Found a sparkling altar of Nemelex Xobeh.
  3451 | D        | Found a blossoming altar of Fedhas.
  3453 | D        | Noticed a death drake
  3472 | D        | Killed a death drake
  3698 | D        | Noticed a death drake
  3702 | D        | Noticed a crystal guardian
  3708 | D        | HP: 5/150 [poisoned by a death drake (dark miasma)]
  3708 | D        | Noticed a polar bear
  3709 | D        | Found an iron altar of Okawaru.
  3709 | D        | Found an opulent altar of Gozag.
  3709 | D        | Found a hazy altar of Hepliaklqana.
  3709 | D        | Found a snail-covered altar of Cheibriados.
  3709 | D        | Noticed a polar bear
  3709 | D        | Succumbed to a death drake's dark miasma

Illustrated notes

Levels and vault maps discovered:
D:        the_violet_keep_of_menkaure [sprint2_stairs_cluster_1,
          sprint2_shoproom, sprint2_temple, sprint2_basic_supplies,
          sprint2_obstacle_4, sprint2_obstacle_3, sprint2_obstacle_2,
          sprint2_obstacle_5, sprint2_obstacle_6, sprint2_timed_cluster_1,
          sprint2_smallroom_cluster_1, sprint2_smallroom_final_cluster_1,
          sprint2_transparent_cluster_1, sprint2_second_timed_cluster_1,
          sprint2_sniper_area_1, sprint2_heavy_combat_area_1,
          sprint2_mutation_trap_area_1, sprint2_forest_area_1,
          sprint2_light_combat_area_1, sprint2_behind_water_1,
          sprint2_near_end_vault_1]

Skill      XL: |  1  2  3  4  5  6  7  8  9 |
---------------+----------------------------+-----
Axes           | 12 14 | 14.5
Fighting       | 5 9 11 14 15 | 15.7
Dodging        | 4 8 10 13 14 | 14.4
Armour         | |  2.4

Action                   |  1- 3 |  4- 6 |  7- 9 || total
-------------------------+-------+-------+-------++-------
Melee: Hand axe          |     3 |    10 |    83 ||    96
       Headbutt          |     1 |       |    20 ||    21
       War axe           |       |       |    22 ||    22
Invok: Berserk           |     1 |     1 |     7 ||     9
       Trog's Hand       |       |       |     2 ||     2
  Use: Potion            |       |       |     4 ||     4
 Stab: Invisible         |       |       |     1 ||     1
Armor: Animal skin       |       |       |     1 ||     1
Dodge: Dodged            |     3 |     2 |    30 ||    35

Table legend: (Time is in decaauts)
 A = Elapsed time spent in this place.
 B = Non-inter-level travel time spent in this place.
 C = Inter-level travel time spent in this place.
 D = Time resting spent in this place.
 E = Time spent auto-exploring this place.
 F = Levels seen in this place.
 G = Mean time per level.
                   A        B        C        D        E       F      G
               +--------+--------+--------+--------+--------+-----+--------+
         Total |   3756 |   3756 |      0 |   3397 |      0 |   1 | 3756.0 |
       Dungeon |   3756 |   3756 |      0 |   3397 |      0 |   1 | 3756.0 |
               +--------+--------+--------+--------+--------+-----+--------+

Top non-repeatable levels by time:
       D: 3756 daAuts
